[Event "47th GER-ch Blitz 2020"]
[Site "Magdeburg"]
[Date "2020.08.15"]
[Round "27.14"]
[White "Braeuning, Rudolf Wilhelm"]
[Black "Voege, Tobias"]
[Result "0-1"]
[ECO "C05"]
[WhiteElo "2244"]
[BlackElo "2326"]
[Annotator "ChessBase"]
[PlyCount "122"]
[EventDate "2020.07.28"]
[EventType "tourn"]
[EventCountry "GER"]
[SourceTitle "playchess.com"]
[Source "ChessBase"]
[SourceQuality "1"]
[TimeControl "180+2"]

1. e4 e6 2. d4 d5 3. Nd2 Nf6 4. e5 Nfd7 5. Bd3 c5 6. c3 Nc6 7. Ndf3 Qb6 8. Ne2 cxd4 9. cxd4 f6 10. exf6 Nxf6 11. O-O Bd6 12. Nc3 O-O 13. Be3 Bd7 14. a3 Rae8 15. b4 Qd8 16. Rc1 a6 17. Na4 e5 18. dxe5 Nxe5 19. Nxe5 Bxe5 20. Bb6 Qb8 21. h3 Bf4 22. Rc3 Qe5 23. Bd4 Qg5 24. Kh1 Ne4 25. Bxe4 dxe4 26. Nc5 Bc6 27. Be3 Bxe3 28. Rxe3 Rxf2 29. Rxf2 Qxe3 30. Qb3+ Qxb3 31. Nxb3 e3 32. Re2 Bb5 33. Re1 e2 34. Nd4 Bc4 35. Kg1 Re3 36. Kf2 Rxa3 37. Nf5 Rb3 38. Ne3 Rxb4 39. Nxc4 Rxc4 40. Rxe2 Rc7 41. Re8+ Kf7 42. Rb8 a5 43. Kf3 Rc3+ 44. Kf4 Rb3 45. Ra8 b6 46. Kf5 Rb5+ 47. Ke4 Kf6 48. Rf8+ Ke7 49. Ra8 Rb4+ 50. Ke5 Kf7 51. Kf5 Rb5+ 52. Kf4 Kf6 53. h4 Rb4+ 54. Kg3 a4 55. Kh3 b5 56. g4 Rb3+ 57. Kg2 a3 58. Ra5 Rb2+ 59. Kf3 a2 60. Kf4 Rb4+ 61. Kf3 Ra4 0-1

[Event "47th GER-ch Blitz 2020"]
[Site "Magdeburg"]
[Date "2020.08.15"]
[Round "28.3"]
[White "Holtel, Jasper"]
[Black "Braeuning, Rudolf Wilhelm"]
[Result "1-0"]
[ECO "B21"]
[WhiteElo "2305"]
[BlackElo "2244"]
[Annotator "ChessBase"]
[PlyCount "47"]
[EventDate "2020.07.28"]
[EventType "tourn"]
[EventCountry "GER"]
[SourceTitle "playchess.com"]
[Source "ChessBase"]
[SourceQuality "1"]
[TimeControl "180+2"]

1. e4 c5 2. d4 cxd4 3. c3 Nf6 4. e5 Nd5 5. Nf3 Nc6 6. Bc4 e6 7. O-O Be7 8. cxd4 d6 9. exd6 Qxd6 10. Nc3 Nf6 11. Bg5 O-O 12. Bh4 a6 13. Bg3 Qb4 14. Qe2 b5 15. Bb3 Bb7 16. Rad1 Rad8 17. d5 exd5 18. Nxd5 Nxd5 19. Bxd5 Bf6 20. b3 Rfe8 21. Qc2 Rc8 22. Qf5 Nd8 23. Rfe1 Bxd5 24. Rxe8+ 1-0

[Event "47th GER-ch Blitz 2020"]
[Site "Magdeburg"]
[Date "2020.08.15"]
[Round "28.5"]
[White "Siebrecht, Sebastian"]
[Black "Krause, Benedict"]
[Result "0-1"]
[ECO "A10"]
[WhiteElo "2429"]
[BlackElo "2425"]
[Annotator "ChessBase"]
[PlyCount "92"]
[EventDate "2020.07.28"]
[EventType "tourn"]
[EventCountry "GER"]
[SourceTitle "playchess.com"]
[Source "ChessBase"]
[SourceQuality "1"]
[TimeControl "180+2"]

1. c4 g6 2. Nc3 c5 3. Nf3 Bg7 4. d4 cxd4 5. Nxd4 Nc6 6. Nc2 Bxc3+ 7. bxc3 Qa5 8. Bd2 Nf6 9. f3 d6 10. e4 Be6 11. Ne3 Ne5 12. Nd5 Rc8 13. Qb3 b6 14. Be2 Nfd7 15. f4 Nc5 16. Qc2 Ned7 17. O-O Qa4 18. Qb1 b5 19. f5 Bxd5 20. cxd5 Qxe4 21. Bxb5 Qxb1 22. Raxb1 O-O 23. Bxd7 Nxd7 24. Rb7 Nf6 25. Rxe7 Nxd5 26. Rxa7 Nxc3 27. Bh6 Ra8 28. fxg6 Rxa7 29. gxh7+ Kxh7 30. Bxf8 Kg6 31. Bxd6 Rxa2 32. Be5 Ne4 33. h3 f5 34. Rc1 Re2 35. Bf4 Ra2 36. Rc6+ Kf7 37. Kh2 Rf2 38. Be5 Re2 39. h4 Nf2 40. Bf4 Ng4+ 41. Kg3 Ra2 42. h5 Nf6 43. h6 Nh5+ 44. Kh4 Nxf4 45. Kg5 Ne6+ 46. Kxf5 Nd4+ 0-1

[Event "47th GER-ch Blitz 2020"]
[Site "Magdeburg"]
[Date "2020.08.15"]
[Round "28.6"]
[White "Braun, Georg"]
[Black "Stein, Robert"]
[Result "0-1"]
[ECO "C90"]
[WhiteElo "2360"]
[BlackElo "2325"]
[Annotator "ChessBase"]
[PlyCount "56"]
[EventDate "2020.07.28"]
[EventType "tourn"]
[EventCountry "GER"]
[SourceTitle "playchess.com"]
[Source "ChessBase"]
[SourceQuality "1"]
[TimeControl "180+2"]

1. e4 e5 2. Nf3 Nc6 3. Bb5 a6 4. Ba4 Nf6 5. O-O Be7 6. Re1 b5 7. Bb3 d6 8. d4 Nxd4 9. Nxd4 exd4 10. c3 dxc3 11. Nxc3 O-O 12. a4 Rb8 13. axb5 axb5 14. Bf4 b4 15. Nd5 Nxd5 16. Bxd5 Bf6 17. Qd2 Be6 18. Bxe6 fxe6 19. e5 dxe5 20. Qxd8 Rfxd8 21. Bxe5 Bxe5 22. Rxe5 Rd2 23. Rb1 Rbd8 24. Rxe6 Rxb2 25. Rc1 Rc2 26. Rb1 b3 27. g3 b2 28. Kg2 Rdd2 0-1

[Event "47th GER-ch Blitz 2020"]
[Site "Magdeburg"]
[Date "2020.08.15"]
[Round "28.7"]
[White "Ehmann, Thilo"]
[Black "Schoewel, Matthias"]
[Result "1-0"]
[ECO "C66"]
[WhiteElo "2329"]
[BlackElo "2218"]
[Annotator "ChessBase"]
[PlyCount "88"]
[EventDate "2020.07.28"]
[EventType "tourn"]
[EventCountry "GER"]
[SourceTitle "playchess.com"]
[Source "ChessBase"]
[SourceQuality "1"]
[TimeControl "180+2"]

1. e4 e5 2. Nf3 Nc6 3. Bb5 d6 4. d4 Bd7 5. O-O Nf6 6. Nc3 Be7 7. d5 Nb8 8. Bc4 O-O 9. h3 h6 10. a4 Nh7 11. a5 a6 12. Be3 f5 13. exf5 Bxf5 14. Bd3 Qd7 15. Ne4 Nf6 16. Ng3 Bxd3 17. Qxd3 Qe8 18. Nd2 Nbd7 19. Qc4 Bd8 20. Nde4 Qf7 21. Rad1 Nxe4 22. Nxe4 Nf6 23. Nxf6+ Bxf6 24. Qb3 Rfb8 25. c4 Qg6 26. c5 Bg5 27. cxd6 cxd6 28. Bxg5 Qxg5 29. Rc1 Qe7 30. Rc4 Rc8 31. Rfc1 Rxc4 32. Qxc4 Qf7 33. Rc3 Rf8 34. Rf3 Qd7 35. Rxf8+ Kxf8 36. Qd3 Kg8 37. Kf1 Qa4 38. g3 Qxa5 39. Kg2 Qc5 40. h4 b5 41. g4 a5 42. g5 hxg5 43. hxg5 Qc4 44. Qf3 Qc2 1-0

[Event "47th GER-ch Blitz 2020"]
[Site "Magdeburg"]
[Date "2020.08.15"]
[Round "28.8"]
[White "Baskin, Robert"]
[Black "Berger, Steve"]
[Result "1-0"]
[ECO "C02"]
[WhiteElo "2390"]
[BlackElo "2408"]
[Annotator "ChessBase"]
[PlyCount "57"]
[EventDate "2020.07.28"]
[EventType "tourn"]
[EventCountry "GER"]
[SourceTitle "playchess.com"]
[Source "ChessBase"]
[SourceQuality "1"]
[TimeControl "180+2"]

1. e4 e6 2. d4 d5 3. e5 c5 4. c3 Nc6 5. Nf3 Bd7 6. Be2 Nge7 7. Na3 cxd4 8. cxd4 Nf5 9. Nc2 Qb6 10. O-O Na5 11. Ne3 Nxe3 12. fxe3 Be7 13. Bd3 Bb5 14. b3 Rc8 15. Bxb5+ Qxb5 16. Bd2 Nc6 17. Be1 h6 18. a4 Qb6 19. Ra2 Nb4 20. Raf2 a5 21. Kh1 Rc7 22. Ng1 Bg5 23. Bd2 O-O 24. Nh3 Be7 25. Qh5 f5 26. g4 Nd3 27. Rf3 Kh7 28. gxf5 exf5 29. Rxf5 1-0

[Event "47th GER-ch Blitz 2020"]
[Site "Magdeburg"]
[Date "2020.08.15"]
[Round "28.9"]
[White "Barzen, Pascal"]
[Black "Kopylov, Michael"]
[Result "1-0"]
[ECO "B05"]
[WhiteElo "2321"]
[BlackElo "2407"]
[Annotator "ChessBase"]
[PlyCount "51"]
[EventDate "2020.07.28"]
[EventType "tourn"]
[EventCountry "GER"]
[SourceTitle "playchess.com"]
[Source "ChessBase"]
[SourceQuality "1"]
[TimeControl "180+2"]

1. e4 Nf6 2. e5 Nd5 3. d4 d6 4. Nf3 Bg4 5. c4 Nb6 6. Be2 e6 7. Nc3 Nc6 8. exd6 cxd6 9. h3 Bxf3 10. Bxf3 Nxc4 11. d5 exd5 12. Bxd5 Nb6 13. Bb3 Be7 14. O-O O-O 15. Qh5 g6 16. Qg4 Ne5 17. Qg3 Nec4 18. Rd1 Rc8 19. Bh6 Re8 20. Qf3 Bf6 21. Qxb7 Rc7 22. Qf3 Nxb2 23. Nb5 Rd7 24. Re1 N2c4 25. Rxe8+ Qxe8 26. Qxf6 1-0

[Event "47th GER-ch Blitz 2020"]
[Site "Magdeburg"]
[Date "2020.08.15"]
[Round "28.10"]
[White "Wichmann, Cliff"]
[Black "Hess, Max"]
[Result "1/2-1/2"]
[ECO "E91"]
[WhiteElo "2305"]
[BlackElo "2378"]
[Annotator "ChessBase"]
[PlyCount "74"]
[EventDate "2020.07.28"]
[EventType "tourn"]
[EventCountry "GER"]
[SourceTitle "playchess.com"]
[Source "ChessBase"]
[SourceQuality "1"]
[TimeControl "180+2"]

1. d4 Nf6 2. c4 g6 3. Nc3 Bg7 4. e4 d6 5. Nf3 O-O 6. Be2 Nbd7 7. e5 dxe5 8. dxe5 Ng4 9. e6 fxe6 10. O-O Nde5 11. Qc2 Nxf3+ 12. Bxf3 Rxf3 13. gxf3 Ne5 14. Qe4 Bd7 15. Rd1 Qe8 16. Rxd7 Qxd7 17. Bf4 Qd3 18. Qxb7 Nxf3+ 19. Kh1 Rf8 20. Rd1 Qxc4 21. Qxf3 Rxf4 22. Qe3 Bxc3 23. Qxc3 Qe4+ 24. Kg1 Rg4+ 25. Kf1 Qg2+ 26. Ke2 Re4+ 27. Kd3 Qf3+ 28. Kc2 Qxf2+ 29. Rd2 Re2 30. Rxe2 Qxe2+ 31. Kb3 Qb5+ 32. Kc2 c6 33. Qe3 Qc4+ 34. Kb1 a5 35. b3 Qd5 36. h3 e5 37. Qa7 Qd1+ 1/2-1/2

[Event "47th GER-ch Blitz 2020"]
[Site "Magdeburg"]
[Date "2020.08.15"]
[Round "28.11"]
[White "Zelbel, Patrick"]
[Black "Siebarth, Raiko"]
[Result "1/2-1/2"]
[ECO "B22"]
[WhiteElo "2448"]
[BlackElo "2333"]
[Annotator "ChessBase"]
[PlyCount "90"]
[EventDate "2020.07.28"]
[EventType "tourn"]
[EventCountry "GER"]
[SourceTitle "playchess.com"]
[Source "ChessBase"]
[SourceQuality "1"]
[TimeControl "180+2"]

1. e4 c5 2. c3 Nf6 3. e5 Nd5 4. Bc4 Nb6 5. Bb3 e6 6. d4 cxd4 7. cxd4 d6 8. Qe2 dxe5 9. dxe5 Nc6 10. Nf3 h6 11. O-O g5 12. h3 Rg8 13. Rd1 Qc7 14. Nc3 a6 15. Ne4 Be7 16. Nd6+ Kf8 17. h4 Nd7 18. hxg5 hxg5 19. Qe4 Ndxe5 20. Nxe5 Bxd6 21. Nxf7 Bh2+ 22. Kh1 Qxf7 23. Kxh2 Qxf2 24. Qf3+ Qxf3 25. gxf3 Ke7 26. Be3 g4 27. Bc5+ Kf7 28. fxg4 Rxg4 29. Rf1+ Kg6 30. Bc2+ Kg7 31. Rg1 e5 32. Rxg4+ Bxg4 33. Rg1 Rh8+ 34. Kg3 Be6 35. b3 Rc8 36. Be4 Nd8 37. Be3 Rc3 38. Kf2+ Kf8 39. Bh6+ Ke8 40. Bg7 Nf7 41. Bg6 Ke7 42. Re1 Kd7 43. Bxf7 Bxf7 44. Bxe5 Rc2+ 45. Re2 Rxe2+ 1/2-1/2

[Event "47th GER-ch Blitz 2020"]
[Site "Magdeburg"]
[Date "2020.08.15"]
[Round "28.12"]
[White "Dobrikov, Marco"]
[Black "Schneider, Ilja"]
[Result "1/2-1/2"]
[ECO "A01"]
[WhiteElo "2290"]
[BlackElo "2479"]
[Annotator "ChessBase"]
[PlyCount "127"]
[EventDate "2020.07.28"]
[EventType "tourn"]
[EventCountry "GER"]
[SourceTitle "playchess.com"]
[Source "ChessBase"]
[SourceQuality "1"]
[TimeControl "180+2"]

1. b3 d5 2. Bb2 Bg4 3. h3 Bh5 4. g4 Bg6 5. Bg2 c6 6. d3 Nd7 7. Nd2 e5 8. e3 h5 9. Ngf3 Bd6 10. Qe2 hxg4 11. hxg4 Rxh1+ 12. Bxh1 Ngf6 13. g5 Nh7 14. O-O-O Nxg5 15. Nxg5 Qxg5 16. Kb1 O-O-O 17. Nf3 Qf6 18. Rg1 Rh8 19. Bg2 Kb8 20. Nd2 Bh5 21. Bf3 Bxf3 22. Nxf3 Rh3 23. Rg3 Rxg3 24. fxg3 Qg6 25. Qf2 e4 26. dxe4 dxe4 27. Nh4 Bxg3 28. Qd2 Qe6 29. Ng2 f6 30. Qd4 Qd5 31. Qb4 Bd6 32. Qe1 a6 33. Nh4 g5 34. Ng2 Be5 35. Ba3 f5 36. Be7 Bf6 37. Bxf6 Nxf6 38. Qg3+ Ka7 39. Qxg5 Nd7 40. Nh4 Nb6 41. Qxf5 Qd1+ 42. Kb2 Qh1 43. Ng6 Qf3 44. Qc5 Qf6+ 45. Ne5 Ka8 46. Qxb6 Qxe5+ 47. Kb1 Qd5 48. Qd4 Qe6 49. Kb2 Kb8 50. a4 Kc8 51. Kc3 Kc7 52. Qc4 Qf6+ 53. Qd4 Qe6 54. a5 Qf5 55. Qb6+ Kc8 56. Kb4 Qd5 57. c4 Qd2+ 58. Ka3 Qd6+ 59. Qb4 Qd3 60. Qf8+ Kc7 61. Qe7+ Kb8 62. Qf8+ Kc7 63. Qe7+ Kb8 64. Qf8+ 1/2-1/2

[Event "47th GER-ch Blitz 2020"]
[Site "Magdeburg"]
[Date "2020.08.15"]
[Round "28.13"]
[White "Frischmann, Rick"]
[Black "Svane, Frederik"]
[Result "0-1"]
[ECO "B27"]
[WhiteElo "2347"]
[BlackElo "2421"]
[Annotator "ChessBase"]
[PlyCount "140"]
[EventDate "2020.07.28"]
[EventType "tourn"]
[EventCountry "GER"]
[SourceTitle "playchess.com"]
[Source "ChessBase"]
[SourceQuality "1"]
[TimeControl "180+2"]

1. e4 c5 2. Nf3 g6 3. d4 cxd4 4. Qxd4 Nf6 5. Nc3 Nc6 6. Qa4 d6 7. e5 dxe5 8. Nxe5 Bg7 9. Bb5 O-O 10. Nxc6 bxc6 11. Bxc6 Bd7 12. O-O Bxc6 13. Qxc6 Rc8 14. Qa4 Qb6 15. Qb3 Qc6 16. h3 Nd7 17. Nd5 Rfe8 18. Bg5 Nc5 19. Qc4 Qb7 20. Rfd1 Ne6 21. Qg4 Nxg5 22. Qxg5 Rxc2 23. Re1 e6 24. Nf6+ Bxf6 25. Qxf6 Qxb2 26. Qh4 Rec8 27. Red1 Kg7 28. Rab1 Qf6 29. Qg3 R8c3 30. f3 Rxa2 31. Rb7 Rcc2 32. Rdd7 Rxg2+ 33. Qxg2 Rxg2+ 34. Kxg2 a5 35. Ra7 Qf5 36. Ra6 a4 37. Rda7 Qc2+ 38. Kg3 h5 39. Rxa4 g5 40. h4 Kg6 41. hxg5 Qc5 42. R7a5 Qg1+ 43. Kh3 Qh1+ 44. Kg3 Qg1+ 45. Kh3 Qe3 46. Kg3 e5 47. Ra6+ Kxg5 48. Ra8 h4+ 49. Kg2 Qe2+ 50. Kg1 Qe1+ 51. Kg2 Qg3+ 52. Kf1 Qxf3+ 53. Kg1 Qg3+ 54. Kh1 Qf3+ 55. Kg1 h3 56. Rg8+ Kf5 57. Rh4 e4 58. Kh2 e3 59. Rxh3 Qf2+ 60. Rg2 Qf4+ 61. Rhg3 Ke4 62. Kg1 f5 63. Rg8 Kf3 64. Kf1 Qc4+ 65. Kg1 f4 66. Rh8 Qd4 67. Rh3+ Ke4 68. Rh7 e2+ 69. Kh2 e1=Q 70. Re7+ Qe5 0-1